 Dungeon Crawl Stone Soup version 0.20-a0-739-g6bb112f (webtiles) character file.

232 HallandMoats the Skirmisher (level 5, -4/42 HPs)
             Began as a Demonspawn Fighter on Feb 22, 2017.
             Slain by an iron imp (5 damage)
             ... summoned by Eustachio
             ... on level 5 of the Dungeon on Feb 24, 2017.
             The game lasted 00:05:44 (2976 turns).

HallandMoats the Skirmisher (Demonspawn Fighter)    Turns: 2976, Time: 00:05:45

Health: -4/42      AC: 13    Str: 16    XL:     5   Next: 73%
Magic:  5/5        EV:  5    Int:  9    God:
Gold:   133        SH:  0    Dex: 14    Spells: 4/4 levels left

rFire    + . .     SeeInvis .   a - +0 flail
rCold    + . .     Gourm    .   g - +0 plate armour
rNeg     . . .     Faith    .   (no shield)
rPois    .         Spirit   .   (helmet restricted)
rElec    .         Reflect  .   i - scarf {rC+ rF+}
rCorr    .         Harm     .   (no gloves)
MR       .....                  (no boots)
Stlth    ..........             (no amulet)
Regen    0.2/turn               l - ring of wizardry
MPRegen  0.1/turn               j - ring of flight

@: no status effects
A: horns 1, thin metallic scales 1
a: Evoke Flight


You were on level 5 of the Dungeon.
You were not hungry.

You visited 1 branch of the dungeon, and saw 5 of its levels.

You collected 133 gold pieces.

Inventory:

Hand Weapons
 a - a +0 flail (weapon)
 u - a cursed -3 whip
Armour
 c - a +0 shield
 g - a +0 plate armour (worn)
 i - a scarf of resistance (worn)
Jewellery
 j - a ring of flight (left hand)
 l - a ring of wizardry (right hand)
Scrolls
 h - a scroll of random uselessness {unknown}
 k - 3 scrolls of remove curse {unknown}
 o - a scroll of blinking {unknown}
 q - 2 scrolls of recharging {unknown}
 r - 2 scrolls of noise {unknown}
 s - 2 scrolls of teleportation {unknown}
 t - a scroll of enchant armour {unknown}
 w - 3 scrolls of identify {unknown}
Potions
 d - a potion of might
 e - a potion of berserk rage {unknown}
 m - 2 potions of cancellation {unknown}
 p - 3 potions of mutation {unknown}
 x - a potion of flight {unknown}
 z - a potion of curing {unknown}
 A - 2 potions of agility {unknown}
 B - a potion of degeneration {unknown}
 D - a potion of brilliance {unknown}
Comestibles
 f - 3 bread rations
 n - 3 meat rations
 v - 7 chunks of flesh
 C - a royal jelly


   Skills:
 * Level 4.2 Fighting
 * Level 3.5 Maces & Flails
 + Level 3.7 Armour
 + Level 1.5 Dodging
 - Level 2.6 Shields


You had 4 spell levels left.
You didn't know any spells.

Dungeon Overview and Level Annotations

Branches:
Dungeon (5/15)
 Temple: D:4-7

Altars:

Annotations:
D:5 Eustachio


Innate Abilities, Weirdness & Mutations

You have a pair of small horns on your head.
You are partially covered in thin metallic scales. (AC +2)


Message History

The iron imp is lightly wounded.
The iron imp barely misses you.
The iron imp hits you but does no damage.
You hit the iron imp.
The iron imp is lightly wounded.
The iron imp hits you.
* * * LOW HITPOINT WARNING * * *
The iron imp hits you.
* * * LOW HITPOINT WARNING * * *
You hit the iron imp. You headbutt the iron imp.
The iron imp is heavily wounded.
The iron imp hits you but does no damage.
The iron imp barely misses you.
You hit the iron imp.
The iron imp is heavily wounded.
Eustachio mumbles some strange words.
The iron imp hits you.
* * * LOW HITPOINT WARNING * * *
The iron imp hits you.
You die...

.# .#
.# .#
.# .#
####.#
#.@5.#
#5####
#@#
#r#
#.#
#.#
#.#
#.#


You could see Eustachio, 2 iron imps and a quokka.

Vanquished Creatures
  Ijyb (D:2)
  11 adders
  4 worms
  2 dart slugs
  5 leopard geckos
  An orc (D:3)
  6 giant cockroaches
  10 goblins
  17 hobgoblins
  4 jackals
  5 kobolds
  A quokka (D:2)
  A ball python (D:1)
  5 bats
  5 frilled lizards
  11 rats
89 creatures vanquished.

Notes
Turn   | Place    | Note
-------+----------+-------------------------------------------
     0 | D:1      | HallandMoats the Demonspawn Fighter began the quest for the Orb.
     0 | D:1      | Reached XP level 1. HP: 18/18 MP: 1/1
   441 | D:1      | Gained mutation: You are partially covered in thin metallic scales. (AC +2) [demonic ancestry]
   441 | D:1      | Reached XP level 2. HP: 22/24 MP: 2/2
   901 | D:1      | Upgraded the game from 0.20-a0-733-gf92fd71 to 0.20-a0-739-g6bb112f
   943 | D:2      | Reached XP level 3. HP: 29/29 MP: 3/3
  1391 | D:2      | Noticed Ijyb
  1720 | D:2      | Reached skill level 1 in Dodging
  1720 | D:2      | Gained mutation: You have a pair of small horns on your head. [demonic ancestry]
  1720 | D:2      | Reached XP level 4. HP: 37/37 MP: 4/4
  1825 | D:2      | Killed Ijyb
  2015 | D:2      | Reached skill level 4 in Fighting
  2263 | D:3      | Reached XP level 5. HP: 40/42 MP: 5/5
  2356 | D:3      | Found a faded altar of an unknown god.
  2918 | D:4      | Noticed Eustachio
  2961 | D:5      | Entered Level 5 of the Dungeon
  2976 | D:5      | HP: 1/42 [iron imp[Eustachio] (6)]
  2976 | D:5      | Slain by an iron imp

Vault maps used:
D:1:      dpeg_arrival_rooms_a
D:2:      uniq_iyjb
D:3:      cheibrodos_greedy_goblins, chequers_ecumenical_altar_simple_redux
D:4:      serial_shops, shop, first_bread, uniq_eustachio, uniq_sigmund
D:5:      portal_sewer_entry_e, nicolae_ru_path_of_blood

Skill      XL: |  1  2  3  4  5 |
---------------+----------------+-----
Maces & Flails | 2 3 |  3.5
Armour         | 3 |  3.7
Dodging        | 1 |  1.5
Fighting       | 4 |  4.2
Shields        | |  2.6

Action                   |  1- 3 |  4- 6 || total
-------------------------+-------+-------++-------
Melee: Flail             |   139 |   194 ||   333
       Headbutt          |       |    22 ||    22
  Eat: Chunk             |     2 |     5 ||     7
Armor: Plate armour      |   161 |   215 ||   376
       Scale mail        |     8 |       ||     8
Dodge: Dodged            |    57 |    82 ||   139
Block: Shield            |    11 |       ||    11
